 Dungeon Crawl Stone Soup version 0.25-a0-482-g9b3b753f3f (webtiles) character file.

Game seed: 3839307965977150071, levelgen mode: deterministic

445 Notrik the Skirmisher (level 7, -1/64 HPs)
             Began as a Hill Orc Fighter on Feb 10, 2020.
             Slain by a hippogriff (5 damage)
             ... on level 4 of the Dungeon.
             The game lasted 00:07:11 (3490 turns).

Notrik the Skirmisher (Hill Orc Fighter)            Turns: 3490, Time: 00:07:12

Health: -1/64      AC: 12    Str: 21    XL:     7   Next: 3%
Magic:  7/7        EV:  7    Int:  8    God:
Gold:   147        SH:  9    Dex: 10    Spells: 6/6 levels left

rFire    . . .     SeeInvis .   a - +0 war axe
rCold    . . .     Gourm    .   c - +0 shield
rNeg     . . .     Faith    .   b - +0 scale mail
rPois    .         Spirit   .   k - +0 helmet
rElec    .         Reflect  .   w - +2 cloak {+Inv}
rCorr    .         Harm     .   (no gloves)
MR       .....                  n - +0 pair of boots
Stlth    ..........             (no amulet)
HPRegen  0.20/turn              (no ring)
MPRegen  0.10/turn              (no ring)

@: no status effects
A: no striking features
a: Evoke Invisibility


You were on level 4 of the Dungeon.
You were not hungry.

You visited 1 branch of the dungeon, and saw 4 of its levels.

You collected 147 gold pieces.

Inventory:

Hand Weapons
 a - a +0 war axe (weapon)
Armour
 b - a +0 scale mail (worn)
 c - a +0 shield (worn)
 k - a +0 helmet (worn)
   (You found it on level 1 of the Dungeon)
 n - a +0 pair of boots (worn)
   (You found it on level 2 of the Dungeon)
 w - a +2 cloak of invisibility (worn)
   (You took it off Crazy Yiuf on level 3 of the Dungeon)
 y - a +2 hat
   (You found it on level 4 of the Dungeon)
Scrolls
 f - 3 scrolls of remove curse {@r2}
 i - 3 scrolls of amnesia
 o - 5 scrolls of enchant armour
 p - 2 scrolls of fear {unknown}
 q - 2 scrolls of noise {unknown}
 s - a scroll of teleportation {unknown}
 t - 3 scrolls of immolation {!r}
 u - a scroll of random uselessness {unknown}
 v - 2 scrolls of magic mapping {unknown}
 x - a scroll of enchant weapon {unknown}
Potions
 d - 3 potions of might
 g - a potion of flight {unknown}
 j - a potion of curing {unknown}
 l - a potion of lignification {unknown}
 m - a potion of brilliance {unknown}
 r - 2 potions of mutation {!q}
Comestibles
 e - 5 rations {!d}
 h - 4 chunks of flesh


   Skills:
 * Level 6.4 Fighting
 + Level 4.9 Axes
 + Level 4.7 Armour
 + Level 4.7 Shields


You had 6 spell levels left.
You didn't know any spells.
Your spell library was empty.

Dungeon Overview and Level Annotations

Branches:
Dungeon (4/15)
 Temple: D:4-7

Altars:
Gozag
Nemelex Xobeh
Qazlal

Shops:
D:4 *


Message History

The hippogriff claws you but does no damage.
You closely miss the hippogriff. The hippogriff bites you.
* * * LOW HITPOINT WARNING * * *
The hippogriff pecks you but does no damage.
The hippogriff claws you but does no damage.
You block the hippogriff's attack. x2
The hippogriff claws you but does no damage.
You hit the hippogriff but do no damage.
You block the hippogriff's attack. The hippogriff closely misses you.
The hippogriff claws you but does no damage.
You slash the hippogriff! The hippogriff closely misses you.
The hippogriff pecks you but does no damage.
You block the hippogriff's attack.
You closely miss the hippogriff. You block the hippogriff's attack.
The hippogriff barely misses you.
The hippogriff claws you but does no damage.
The hippogriff bites you.
* * * LOW HITPOINT WARNING * * *
The hippogriff pecks you.
* * * LOW HITPOINT WARNING * * *
The hippogriff claws you but does no damage.
You hit the hippogriff. The hippogriff closely misses you.
The hippogriff completely misses you. You block the hippogriff's attack.
You hit the hippogriff. The hippogriff bites you.
* * * LOW HITPOINT WARNING * * *
The hippogriff pecks you.
* * * LOW HITPOINT WARNING * * *
The hippogriff claws you but does no damage.
Okay, then.
You hit the hippogriff but do no damage.
You block the hippogriff's attack. x2
The hippogriff claws you but does no damage.
You hit the hippogriff. The hippogriff barely misses you. x2
The hippogriff claws you but does no damage.
The hippogriff bites you but does no damage.
The hippogriff pecks you but does no damage.
The hippogriff claws you but does no damage.
Your shield and scale mail prevent you from hitting the hippogriff.
The hippogriff bites you but does no damage.
The hippogriff pecks you.
* * * LOW HITPOINT WARNING * * *
The hippogriff claws you.
* * * LOW HITPOINT WARNING * * *
You hit the hippogriff.
The hippogriff bites you but does no damage.
You block the hippogriff's attack.
The hippogriff claws you but does no damage.
The hippogriff bites you but does no damage.
The hippogriff pecks you.
You die...

#..#####.##.#
#.#
#..#.P....# #
#.#
#.........#
..#
#........P#
###
#.......P.#
##........#
#.P.....P#
#.#######P.#
#...@H.....#
####.#######
#.# #.# #.#
... ... ...


You could see a hippogriff.

Vanquished Creatures
  A sky beast (D:3)
  A scorpion (D:4)
  Crazy Yiuf (D:3)
  An orc wizard (D:3)
  An iguana (D:3)
  Terence (D:3)
  A worker ant (D:4)
  4 gnolls (D:2)
  4 adders
  2 oozes (D:2)
  3 worms
  A dart slug (D:3)
  A leopard gecko (D:3)
  4 orcs
  5 giant cockroaches
  13 hobgoblins
  3 jackals (D:2)
  6 kobolds
  A quokka (D:2)
  10 bats
  8 frilled lizards
  7 goblins
  8 rats
87 creatures vanquished.

Notes
Turn   | Place    | Note
-------+----------+-------------------------------------------
     0 | D:1      | Notrik the Hill Orc Fighter began the quest for the Orb.
     0 | D:1      | Reached XP level 1. HP: 19/19 MP: 1/1
   119 | D:1      | Reached XP level 2. HP: 21/27 MP: 2/2
   166 | D:1      | Reached skill level 4 in Fighting
   648 | D:2      | Reached XP level 3. HP: 32/33 MP: 3/3
   778 | D:2      | Reached XP level 4. HP: 21/41 MP: 4/4
   945 | D:2      | HP: 1/41 [gnoll/+0 halberd (8)]
  1420 | D:2      | Reached skill level 5 in Fighting
  1485 | D:2      | Found an opulent altar of Gozag.
  1486 | D:2      | Found a sparkling altar of Nemelex Xobeh.
  1522 | D:2      | Reached XP level 5. HP: 43/48 MP: 5/5
  1997 | D:3      | Noticed a sky beast
  2000 | D:3      | Noticed Terence
  2010 | D:3      | Killed a sky beast
  2010 | D:3      | Reached XP level 6. HP: 19/57 MP: 6/6
  2014 | D:3      | Killed Terence
  2472 | D:3      | Found a stormy altar of Qazlal.
  2599 | D:3      | Reached skill level 6 in Fighting
  2718 | D:3      | Found a runed translucent door.
  2719 | D:3      | Noticed Crazy Yiuf
  2730 | D:3      | Killed Crazy Yiuf
  3221 | D:4      | Found Asubol's General Store.
  3454 | D:4      | Reached XP level 7. HP: 49/64 MP: 7/7
  3469 | D:4      | Noticed a hippogriff
  3490 | D:4      | Slain by a hippogriff

Levels and vault maps discovered:
D:1:      dpeg_arrival_tiny_c, layout_rooms
D:2:      minmay_chambers_of_ones, layout_basic, grunt_temple_overflow_opulence
D:3:      layout_loops_ring, hex_tiny, kennysheep_cross_room,
          grunt_qazlal_clouds, uniq_crazy_yiuf_cottage, uniq_terence
D:4:      cheibrodos_old_hovel, layout_loops_corners, serial_shops, shop,
          minmay_cut_off

Skill      XL: |  1  2  3  4  5  6 |
---------------+-------------------+-----
Axes           | 3 4 |  4.9
Fighting       | 4 5 6 |  6.4
Armour         | 4 |  4.7
Shields        | 4 |  4.7

Action                   |  1- 3 |  4- 6 |  7- 9 || total
-------------------------+-------+-------+-------++-------
Melee: War axe           |   100 |   176 |    18 ||   294
  Use: Scroll            |       |     6 |       ||     6
  Eat: Chunk             |       |     7 |       ||     7
       Ration            |       |     1 |       ||     1
Armor: Scale mail        |    48 |    89 |    34 ||   171
Dodge: Dodged            |    41 |    50 |    11 ||   102
Block: Shield            |    79 |    92 |    19 ||   190

Table legend:
 A = Non-vault XP
 B = Vault XP
 C = Vault XP percentage of total XP
 D = Non-vault monster count
 E = Vault monster count
 F = Vault count percentage of total count
                 A         B        C        D         E       F
            +---------+---------+-------+---------+---------+-------
      Total |     503 |     133 |  20.9 |      78 |       9 |  10.3
            +---------+---------+-------+---------+---------+-------
        D:1 |      31 |       0 |   0.0 |      21 |       0 |   0.0
        D:2 |     142 |      10 |   6.6 |      33 |       5 |  13.2
        D:3 |     241 |      77 |  24.2 |      20 |       2 |   9.1
        D:4 |      89 |      46 |  34.1 |       4 |       2 |  33.3
            +---------+---------+-------+---------+---------+-------
